 Dungeon Crawl Stone Soup version 0.22-a0-609-gfedc9ff (webtiles) character file.

14 Amnesiac the Caller (level 2, 0/16 HPs)
             Began as a Deep Elf Summoner on July 10, 2018.
             Slain by a leopard gecko (4 damage)
             ... on level 1 of the Dungeon.
             The game lasted 00:01:15 (859 turns).

Amnesiac the Caller (Deep Elf Summoner)              Turns: 859, Time: 00:01:16

Health: 0/16       AC:  2    Str:  5    XL:     2   Next: 31%
Magic:  7/8        EV: 13    Int: 19    God:
Gold:   44         SH:  0    Dex: 15    Spells: 4/7 levels left

rFire    . . .     SeeInvis .   a - +0 short sword
rCold    . . .     Gourm    .   (no shield)
rNeg     . . .     Faith    .   g - +0 robe
rPois    .         Spirit   .   (no helmet)
rElec    .         Reflect  .   (no cloak)
rCorr    .         Harm     .   (no gloves)
MR       .....                  (no boots)
Stlth    ++........             (no amulet)
HPRegen  0.05/turn              (no ring)
MPRegen  0.11/turn              (no ring)

@: no status effects
A: no striking features
a: no special abilities


You were on level 1 of the Dungeon.
You were not hungry.

You visited 1 branch of the dungeon, and saw 1 of its levels.

You collected 44 gold pieces.

Inventory:

Hand Weapons
 a - a +0 short sword (weapon)
Missiles
 d - 2 javelins (quivered)
Armour
 g - a +0 robe (worn)
Scrolls
 b - 2 scrolls of identify {!r, unknown}
 h - a scroll of teleportation {!r, unknown}
Potions
 e - 2 potions of curing {!q, unknown}
Comestibles
 c - 2 rations
 f - a chunk of flesh


   Skills:
 * Level 1.1 Fighting
 - Level 2.4 Dodging
 - Level 2.4 Stealth
 + Level 3.3 Spellcasting
 + Level 4.5 Summonings


You had 4 spell levels left.
You knew the following spells:

 Your Spells              Type           Power        Failure   Level  Hunger
a - Summon Small Mammal   Summ           ###.         2%          1    None
b - Call Imp              Summ           ###.....     3%          2    ##.....

Your spell library contained the following spells:

 Spells                   Type           Power        Failure   Level  Hunger
 Summon Ice Beast         Ice/Summ       ##......     50%         4    ####...
 Call Canine Familiar     Summ           ###.....     7%          3    ###....
 Summon Lightning Spire   Summ/Air       ##......     50%         4    ####...
 Summon Guardian Golem    Hex/Summ       ##......     17%         3    ###....


Dungeon Overview and Level Annotations

Branches:
Dungeon (1/15)

Altars:


Message History

The hobgoblin closely misses you.
You hit the hobgoblin but do no damage. The hobgoblin closely misses you.
You completely miss the hobgoblin. The hobgoblin closely misses you.
You barely miss the hobgoblin. The hobgoblin closely misses you.
You hit the hobgoblin.
The hobgoblin is severely wounded.
The hobgoblin hits you but does no damage.
You hit the hobgoblin but do no damage.
The hobgoblin is severely wounded.
The hobgoblin misses you.
You closely miss the hobgoblin.
The hobgoblin is severely wounded.
The hobgoblin hits you.
You hit the hobgoblin.
You kill the hobgoblin!
No target in view!
No target in view!
You see here a stone.
You see here a stone.
You see here a stone.
A rat and a kobold come into view.
The kobold shouts!
Found 4 gold pieces.
There are monsters nearby!
There are monsters nearby!
You hit the rat.
You kill the rat!
The kobold closely misses you.
You see here a rat corpse.
You hit the kobold.
The kobold is heavily wounded.
The kobold closely misses you.
You closely miss the kobold.
The kobold is heavily wounded.
The kobold hits you.
You hit the kobold.
You kill the kobold!
You butcher the rat corpse.
f - a chunk of flesh You see here a rat skeleton. x2
You see here a kobold corpse.
You now have 44 gold pieces (gained 4).
h - a scroll labeled ZUAVIV USTUJIE {!r} You see here a kobold corpse.
You see here a rat skeleton.
Found a stone staircase leading down.
A leopard gecko comes into view.
The leopard gecko bites you. The leopard gecko bites you.
The leopard gecko barely misses you.
You hit the leopard gecko but do no damage.
The leopard gecko bites you but does no damage.
The leopard gecko bites you.
* * * LOW HITPOINT WARNING * * *
You closely miss the leopard gecko. The leopard gecko bites you.
* * * LOW HITPOINT WARNING * * *
You barely miss the leopard gecko. The leopard gecko closely misses you.
You hit the leopard gecko but do no damage.
The leopard gecko bites you.
* * * LOW HITPOINT WARNING * * *
Casting: Summon Small Mammal (safe; 2% risk of failure)
Confirm with . or Enter, or press ? or * to list all spells.
The leopard gecko bites you.
You die...

###### ###.... # ####...>.####.#
.......r...... ... #...........
#.# #.# #..@....##.# #.# #.#
###l..####.# #.# #.# #...# #.#
#.# #.######.## #.# #.#
#.##......####.####.####
#.#..#.#...>.......รท....
##.#......###.########.##
#.....#.#.##...........#
#########.###.....##.[#######..##


You could see a leopard gecko and a friendly rat.

Vanquished Creatures
  A dart slug (D:1)
  A hobgoblin (D:1)
  A kobold (D:1)
  A bat (D:1)
  4 rats (D:1)
  2 toadstools (D:1)
10 creatures vanquished.

Vanquished Creatures (collateral kills)
  A dart slug (D:1)
  2 hobgoblins (D:1)
  2 kobolds (D:1)
  A bat (D:1)
  A rat (D:1)
7 creatures vanquished.

Vanquished Creatures (others)
  2 toadstools (D:1)
2 creatures vanquished.

Grand Total: 19 creatures vanquished

Notes
Turn   | Place    | Note
-------+----------+-------------------------------------------
     0 | D:1      | Amnesiac the Deep Elf Summoner began the quest for the Orb.
     0 | D:1      | Reached XP level 1. HP: 10/10 MP: 6/6
   275 | D:1      | Reached XP level 2. HP: 7/16 MP: 8/8
   282 | D:1      | Learned a level 2 spell: Call Imp
   408 | D:1      | Reached skill level 1 in Fighting
   859 | D:1      | Slain by a leopard gecko

Vault maps used:
D:1:      ldierk_water_garden, serial_glass, glass_columns_b, glass_columns_a

Skill      XL: |  1  2 |
---------------+-------+-----
Fighting       | 1 |  1.1
Dodging        | |  2.4
Stealth        | |  2.4
Spellcasting   | |  3.3
Summonings     | |  4.5

Action                   || total
-------------------------++-------
Melee: Unarmed           ||    24
       Short sword       ||    19
Throw: Javelin           ||     3
 Cast: Summon Small Mamm ||    11
 Stab: Sleeping          ||     1
Armor: Robe              ||    12
Dodge: Dodged            ||    35

Table legend:
 A = Spawn XP
 B = Non-spawn XP
 C = Spawn XP percentage of total XP
 D = Spawn monster count
 E = Non-spawn monster count
 F = Spawn count percentage of total count
 G = Total turns spent on level
                    A         B        C        D         E        F      G
               +---------+---------+-------+---------+---------+-------+---------
         Total |       0 |      21 |   0.0 |       0 |      15 |   0.0 |   859
               +---------+---------+-------+---------+---------+-------+---------
           D:1 |       0 |      21 |   0.0 |       0 |      15 |   0.0 |   859
               +---------+---------+-------+---------+---------+-------+---------
